 Dungeon Crawl Stone Soup version 0.27.1-34-g3ba077fa99 (webtiles) character file.

Game seed: 15430635241045105201

44424 graymark the Fighter (level 13, -5/114 HPs)
             Began as a Demonspawn Gladiator on Jan 28, 2022.
             Was the Champion of Qazlal.
             Splashed by a goliath frog's acid (8 damage)
             ... on level 6 of the Lair of Beasts.
             The game lasted 01:24:09 (22057 turns).

graymark the Fighter (Demonspawn Gladiator)        Turns: 22057, Time: 01:24:09

Health: -5/114     AC: 11    Str: 19    XL:     13   Next: 96%
Magic:  18/18      EV: 13    Int: 11    God:    Qazlal [******]
Gold:   497        SH: 14    Dex: 14    Spells: 12/12 levels left

rFire    + . .     SeeInvis +   a - +0 war axe
rCold    + + +     Faith    +   R - +0 buckler {rC+}
rNeg     + + .     Spirit   .   L - +2 scale mail {rC+}
rPois    .         Reflect  .   c - +0 helmet
rElec    .         Harm     .   O - +0 cloak {Stlth+}
rCorr    .         Rampage  .   (no gloves)
Will     .....                  (boots unavailable)
Stlth    +.........             D - amulet of Wastek {Faith rF+ rN++}
HPRegen  0.29/turn              l - ring of see invisible
MPRegen  0.16/turn              F - ring of protection from cold

@: corroded, studying Stealth, repel missiles
A: talons 3, rugged brown scales 2, spiny 2
a: Renounce Religion, Upheaval, Elemental Force, Disaster Area


You were on level 6 of the Lair of Beasts.
You worshipped Qazlal.
Qazlal was exalted by your worship.
You visited 2 branches of the dungeon, and saw 16 of its levels.
You also visited: Ossuary and Ice Cave.

You collected 902 gold pieces.
You spent 405 gold pieces at shops.

Inventory:

Hand Weapons
 a - a +0 war axe (weapon)
 Q - a +7 spear
 X - a +0 morningstar
Missiles
 d - 3 throwing nets (quivered)
Armour
 c - a +0 helmet (worn)
 i - a +0 kite shield
 H - a +1 ring mail of cold resistance
 J - a +0 chain mail
 L - a +2 scale mail of cold resistance (worn)
 N - the +1 tower shield of the Robin {Dex+2}
   (You took it off a wight on level 9 of the Dungeon)

   Dex:       It affects your dexterity (+2).
 O - a +0 cloak of stealth (worn)
 R - a +0 buckler of cold resistance (worn)
 S - a +0 tower shield of cold resistance
 V - a +0 plate armour
 W - the +2 chain mail of Lumiris {rF+ rCorr}
   (You bought it in a shop on level 10 of the Dungeon)

   rF:        It protects you from fire.
   rCorr:     It protects you from acid and corrosion.
Jewellery
 l - a ring of see invisible (left hand)
 D - the amulet of Wastek (around neck) {Faith rF+ rN++}
   (You found it in an ossuary)

   [amulet of faith]

   It allows you to gain divine favour quickly.
   rF:        It protects you from fire.
   rN:        It greatly protects you from negative energy.
 F - a ring of protection from cold (right hand)
Wands
 n - a wand of polymorph (6)
 o - a wand of digging (3)
 x - a wand of flame (17)
 y - a wand of acid (21)
 z - a wand of iceblast (20)
Scrolls
 e - 3 scrolls of teleportation
 f - 3 scrolls of blinking
 q - a scroll of enchant weapon {unknown}
 s - a scroll of vulnerability {unknown}
 t - 2 scrolls of magic mapping
 v - a scroll of brand weapon {unknown}
 w - 4 scrolls of noise
 A - 2 scrolls of fear
 E - 2 scrolls of fog {unknown}
 M - 2 scrolls of amnesia {unknown}
 P - a scroll of enchant armour {unknown}
 Y - a scroll of summoning {unknown}
Potions
 g - 2 potions of curing
 h - 3 potions of mutation
 j - 3 potions of haste
 p - 3 potions of might
 r - 3 potions of brilliance
 u - 3 potions of invisibility
 B - 3 potions of magic
 C - 2 potions of flight
 G - 2 potions of berserk rage
 I - a potion of attraction
 Z - a potion of resistance
Miscellaneous
 K - a condenser vane
 T - a condenser vane
 U - a tin of tremorstones (2/2)


   Skills:
 + Level 12.9 Fighting
 + Level 12.1 Axes
 - Level 1.7 Throwing
 + Level 9.2 Armour
 - Level 8.3 Dodging
 + Level 7.8 Shields
 - Level 6.7 Invocations


You had 12 spell levels left.
You didn't know any spells.
Your spell library contained the following spells:

 Spells                   Type           Power      Damage    Failure   Level
 Beastly Appendage        Tmut           0%         N/A       65%         1
 Blink                    Tloc           N/A        N/A       80%         2
 Passwall                 Tmut/Erth      0%         N/A       80%         2
 Wereblood                Tmut           0%         N/A       80%         2
 Dazzling Flash           Conj/Hex       0%         N/A       95%         3
 Spider Form              Tmut/Pois      0%         N/A       95%         3
 Swiftness                Air            0%         N/A       95%         3
 Animate Dead             Necr           0%         N/A       100%        4
 Iskenderun's Mystic Bla  Conj/Tloc      0%         2d3       100%        4
 Summon Ice Beast         Ice/Summ       0%         N/A       100%        4
 Borgnjor's Vile Clutch   Necr/Erth      0%         N/A       100%        5
 Manifold Assault         Tloc           0%         N/A       100%        5
 Summon Mana Viper        Hex/Summ       0%         N/A       100%        5
 Death Channel            Necr           0%         N/A       100%        6
 Invisibility             Hex            0%         N/A       100%        6
 Starburst                Conj/Fire      0%         6d3       100%        6
 Monstrous Menagerie      Summ           0%         N/A       100%        7
 Storm Form               Tmut/Air       0%         N/A       100%        7


Dungeon Overview and Level Annotations

Branches:
Dungeon (11/15)            Temple (0/1) D:5            Lair (6/6) D:11
 Shoals (0/4) Lair:2        Slime (0/5) Lair:6          Orc (0/2) D:11
Ossuary (visited)           IceCv (visited)
  Snake: Lair:2-4    Spider: Lair:2-4

Altars:
Ashenzari
Cheibriados
Elyvilon
Nemelex Xobeh
Qazlal
Uskayaw
Wu Jian
Jiyva

Shops:
D:4 :*   D:5 !   D:6 !   D:10 [

Annotations:
D:3 1 runed translucent door, Crazy Yiuf
Lair:1 3 runed translucent doors, Buutedo's ghost, journeyman DjFE


Innate Abilities, Weirdness & Mutations

You have claws for feet.
You are mostly covered in rugged brown scales. (AC +2, +5% HP)
You are mostly covered in sharp spines.


Message History

Aim: a goliath frog (46% to hit)
Okay, then.
Unknown command.
You feel much better.
You hear a croak.
You hear a loud, deep croak!
You block the bullfrog's attack.
The goliath frog is engulfed in freezing vapours.
The goliath frog hits you but does no damage.
You block the bullfrog's attack.
You hear a bellow!
The goliath frog barely misses you.
You hear an angry buzzing noise.
You hear a bellow!
The tyrant leech is engulfed in blazing flames.
You feel less protected from physical attacks.
You hear a bellow!
The goliath frog is engulfed in freezing vapours.
You block the bullfrog's attack.
The tyrant leech is engulfed in freezing vapours.
The bullfrog is engulfed in blazing flames.
You kill the bullfrog!
Qazlal accepts your kill.
You are too injured to fight recklessly!
You slash the tyrant leech! Your kick misses the tyrant leech.
The tyrant leech is heavily wounded.
You closely miss the tyrant leech. Your kick misses the tyrant leech.
The tyrant leech is heavily wounded.
You hear a croak.
You hear an angry buzzing noise.
You block the tyrant leech's attack.
Okay, then.
You barely miss the tyrant leech.
The tyrant leech is heavily wounded.
You hear a bellow! x2
The tyrant leech is struck by your spines.
The tyrant leech bites you!!
* * * LOW HITPOINT WARNING * * *
The tyrant leech draws strength from your injuries!
The goliath frog hits you from afar.
* * * LOW HITPOINT WARNING * * *
You are splashed with acid!
You die...

.#.............≈≈#
###.#........≈..≈≈≈≈
#.#..#....#.....≈≈≈≈
#...........†≈..P≈≈≈
#.......w#...≈.≈≈≈≈
#.......°...#≈.≈≈≈≈
#.......°.§.# .≈≈≈≈
##....☼#wF°..# .≈P≈
#....○.@#.....# ≈≈≈
##.....°.§..P## ≈≈
#.....○○☼....# F
#.............#
#...........F.# P
#............... .
#............F... .
#..............# .
#.............. .


You could see 2 tyrant leeches, a goliath frog (slow) and 2 cane toads.

Vanquished Creatures
  Josephine (D:11)
  4 hydras
  Erolcha (D:11)
  2 two-headed ogres
  4 death yaks (Lair:4)
  Pikel (D:6)
  A necromancer (IceCv)
  6 elephants
  A cyclops (D:8)
  2 black mambas
  An ice statue (IceCv)
  Maurice (D:9)
  A gargoyle (D:10)
  10 cane toads
  4 kobold demonologists
  14 ice devils (IceCv)
  5 komodo dragons
  3 rime drakes
  3 freezing wraiths (IceCv)
  An entropy weaver simulacrum (IceCv)
  2 anaconda simulacra (IceCv)
  2 trolls
  A hornet (Lair:4)
  13 blink frogs
  A shadow (D:11)
  9 wyverns
  29 yaks
  3 wraiths (D:11)
  Sigmund (D:6)
  Eustachio (D:3)
  4 vampire mosquitoes (Lair:6)
  2 basilisks
  3 death yak simulacra (IceCv)
  3 harpy simulacra (IceCv)
  18 water moccasins
  3 acid dragons
  4 ice beasts
  A swamp drake (D:11)
  4 orc warriors
  2 black bears
  3 hornet zombies (Ossuary)
  3 necrophages
  3 ogres
  5 centaurs
  6 wolves (Lair:2)
  A lemure (D:6)
  2 kobold brigands
  A phantom (D:6)
  15 bullfrogs
  A two-headed ogre simulacrum (IceCv)
  2 gnoll sergeants
  A cane toad simulacrum (IceCv)
  2 scorpions (D:5)
  5 water moccasin zombies (Ossuary)
  A water moccasin skeleton (D:5)
  6 killer bees
  6 elephant simulacra (IceCv)
  3 wights (D:9)
  2 howler monkeys
  4 centaur zombies
  4 bullfrog zombies (Ossuary)
  A jelly (D:6)
  2 bullfrog skeletons
  2 hounds
  7 orc priests
  A centaur skeleton (D:5)
  15 mummies (Ossuary)
  6 iguanas
  12 orc wizards
  A scorpion zombie (D:5)
  6 polar bear simulacra (IceCv)
  2 troll simulacra (IceCv)
  3 spriggan simulacra (IceCv)
  3 killer bee zombies
  4 wolf simulacra (IceCv)
  A howler monkey skeleton (D:5)
  2 howler monkey zombies (D:7)
  15 gnolls
  5 adders
  A shadow imp (D:7)
  13 white imps
  An ufetubus (D:6)
  2 worms
  2 dart slugs
  28 orcs
  5 endoplasms
  4 goblins
  10 hobgoblins
  4 jackals (D:4)
  15 kobolds
  6 quokkas
  9 ball pythons
  2 bats
  A frilled lizard (D:2)
  A rat (D:1)
440 creatures vanquished.

Vanquished Creatures (others)
  A kobold demonologist (D:11)
  A demonic plant (D:1)
  13 fungi
  24 plants
  10 withered plants
49 creatures vanquished.

Grand Total: 489 creatures vanquished

Notes
Turn   | Place    | Note
-------+----------+-------------------------------------------
     0 | D:1      | graymark the Demonspawn Gladiator began the quest for the
                  | Orb.
     0 | D:1      | Reached XP level 1. HP: 16/16 MP: 1/1
   686 | D:1      | Found a faded altar of an unknown god.
   723 | D:1      | Became a worshipper of Qazlal Stormbringer
   723 | D:1      | Reached * piety under Qazlal
   939 | D:2      | Gained mutation: You have sharp toenails. [demonic
                  | ancestry]
   939 | D:2      | Reached XP level 2. HP: 22/22 MP: 2/2
  1574 | D:2      | Gained mutation: You are partially covered in sharp spines.
                  | [demonic ancestry]
  1574 | D:2      | Reached XP level 3. HP: 19/28 MP: 3/3
  2396 | D:3      | Gained mutation: You have razor-sharp toenails. [demonic
                  | ancestry]
  2396 | D:3      | Reached XP level 4. HP: 34/34 MP: 4/4
  2692 | D:3      | Reached ** piety under Qazlal
  3005 | D:3      | Found a runed translucent door.
  3006 | D:3      | Noticed Crazy Yiuf
  3256 | D:4      | Noticed a centaur
  3262 | D:5      | Entered Level 5 of the Dungeon
  3269 | D:5      | Gained mutation: You are mostly covered in sharp spines.
                  | [demonic ancestry]
  3269 | D:5      | Reached XP level 5. HP: 37/41 MP: 5/5
  3294 | D:5      | Found Koamaimmu's Distillery.
  3294 | D:5      | Noticed an ice beast
  3305 | D:5      | Killed an ice beast
  3372 | D:5      | Bought a potion of heal wounds for 65 gold pieces
  3372 | D:5      | Bought a potion of might for 52 gold pieces
  3403 | D:4      | Reached XP level 6. HP: 27/48 MP: 6/6
  3920 | D:5      | Noticed an ice beast
  3932 | D:5      | Killed an ice beast
  3933 | D:5      | Gained mutation: You are partially covered in rugged brown
                  | scales. (AC +1, +3% HP) [demonic ancestry]
  3933 | D:5      | Reached XP level 7. HP: 44/56 MP: 7/7
  4014 | D:5      | Reached skill level 5 in Fighting
  4014 | D:5      | Reached skill level 5 in Axes
  4014 | D:5      | Reached skill level 5 in Dodging
  4098 | D:5      | Found a staircase to the Ecumenical Temple.
  4203 | D:5      | Reached XP level 8. HP: 35/65 MP: 8/8
  4526 | D:4      | Found Lilod's General Store.
  4538 | D:4      | Bought a scroll of identify for 22 gold pieces
  4592 | D:4      | Noticed Eustachio
  4611 | D:3      | Killed Eustachio
  4806 | D:4      | Found Huiwod Wyes's Book Shoppe.
  5665 | D:6      | Found Cintiqye's Distillery.
  5864 | D:6      | Gained mutation: You have claws for feet. [demonic
                  | ancestry]
  5864 | D:6      | Reached XP level 9. HP: 30/74 MP: 9/9
  6138 | D:6      | Noticed Sigmund
  6145 | D:6      | Killed Sigmund
  6156 | D:6      | Reached *** piety under Qazlal
  6447 | D:6      | Noticed Pikel
  6458 | D:6      | Killed Pikel
  6704 | D:6      | Found a broken altar of Ashenzari.
  7174 | D:7      | Found a sand-covered staircase.
  7409 | Ossuary  | Entered an ossuary
  7576 | Ossuary  | Reached XP level 10. HP: 64/84 MP: 10/10
  7800 | Ossuary  | Reached **** piety under Qazlal
  7879 | Ossuary  | Identified the amulet of Wastek {Faith rF+ rN++}
  8233 | D:7      | Reached skill level 1 in Armour
  8375 | D:7      | Noticed a two-headed ogre
  8399 | D:7      | Killed a two-headed ogre
  9316 | D:8      | Found a sparkling altar of Nemelex Xobeh.
  9684 | D:8      | Found a hide-covered altar of Uskayaw.
  9684 | D:8      | Found a stormy altar of Qazlal.
  9729 | D:8      | Found an ornate altar of the Wu Jian Council.
  9840 | D:8      | Noticed a cyclops
  9855 | D:8      | Killed a cyclops
  9859 | D:8      | Found a snail-covered altar of Cheibriados.
 10646 | D:9      | Reached skill level 10 in Fighting
 10769 | D:9      | Identified the +1 tower shield of the Robin {Dex+2}
 11018 | D:9      | Reached ***** piety under Qazlal
 11020 | D:9      | Gained mutation: You are mostly covered in rugged brown
                  | scales. (AC +2, +5% HP) [demonic ancestry]
 11020 | D:9      | Reached XP level 11. HP: 85/93 MP: 11/11
 11353 | D:10     | Entered Level 10 of the Dungeon
 11353 | D:10     | Noticed Maurice
 11364 | D:9      | Killed Maurice
 11365 | D:9      | Reached skill level 1 in Invocations
 11606 | D:10     | Noticed a sun demon
 12015 | D:10     | Reached skill level 5 in Armour
 12490 | D:10     | Found Ulonleg's Antique Armour Shoppe.
 12828 | D:11     | Found a frozen archway.
 12830 | D:11     | Noticed a sun demon
 12830 | D:11     | Noticed a two-headed ogre
 12843 | D:11     | Noticed a soul eater
 13047 | D:11     | Reached skill level 10 in Axes
 13047 | D:11     | Killed a two-headed ogre
 13060 | IceCv    | Entered an ice cave
 13415 | IceCv    | Reached skill level 5 in Invocations
 14391 | IceCv    | Reached XP level 12. HP: 91/105 MP: 16/16
 14936 | IceCv    | Found an ancient bone altar of Kikubaaqudgha.
 15040 | IceCv    | Reached skill level 1 in Shields
 15580 | D:10     | Bought a spiked chain mail for 266 gold pieces
 15580 | D:10     | Identified the +2 chain mail of Lumiris {rF+ rCorr} (You
                  | bought it in a shop on level 10 of the Dungeon)
 15692 | D:11     | Noticed Erolcha
 15696 | D:11     | Noticed Josephine
 15702 | D:11     | Killed Erolcha
 15711 | D:11     | Killed Josephine
 15910 | D:11     | Reached skill level 5 in Shields
 15934 | D:11     | Found a staircase to the Orcish Mines.
 16224 | D:11     | Found a staircase to the Lair.
 16497 | Lair:1   | Entered Level 1 of the Lair of Beasts
 16498 | Lair:1   | Noticed a seven-headed hydra
 16987 | D:11     | Killed a seven-headed hydra
 17301 | D:11     | Reached ****** piety under Qazlal
 18129 | Lair:1   | Found a runed translucent gate.
 18129 | Lair:1   | Found a runed translucent gate.
 18131 | Lair:1   | Found a runed translucent gate.
 18131 | Lair:1   | Noticed a 12-headed hydra
 18132 | Lair:1   | Noticed an 11-headed hydra
 18135 | Lair:1   | Noticed Buutedo's ghost (journeyman DjFE)
 18364 | Lair:2   | Found a staircase to the Shoals.
 18427 | Lair:2   | Reached XP level 13. HP: 94/112 MP: 18/18
 18646 | Lair:2   | You fall into a shaft and drop 2 floors!
 21304 | Lair:6   | Entered Level 6 of the Lair of Beasts
 22004 | Lair:6   | Found a staircase to the Slime Pits.
 22012 | Lair:6   | Found a viscous altar of Jiyva.
 22057 | Lair:6   | HP: 3/114 [goliath frog (4)]
 22057 | Lair:6   | Splashed by a goliath frog's acid

Illustrated notes

Levels and vault maps discovered:
D:1:      scummos_arrival_simple_crosswalls, layout_basic,
          shapermc_ecumenical_altar_gd
D:2:      wad_lake_hut, layout_basic, st_stairs_10
D:3:      layout_loops_cross, hangedman_decor_clover_reticule,
          uniq_crazy_yiuf_cottage
D:4:      layout_rooms, serial_shops, shop, nicolae_shop_stone,
          minmay_manual_mess, uniq_eustachio
D:5:      layout_cave_pods, minmay_temple_entry_statues, serial_shops, shop,
          kennysheep_boxes
D:6:      cheibrodos_helix_gallery, layout_basic, overflow_temple_1_default,
          serial_shops, nicolae_take_the_stairs, serial_rivers,
          chequers_serial_rivers_room_a, chequers_serial_rivers_micro_e,
          chequers_serial_rivers_micro_a, chequers_serial_rivers_large_a,
          minmay_misc_feat_tiny, uniq_sigmund, uniq_pikel
D:7:      layout_cave_pods, enter_ossuary_2
D:8:      layout_loops_ring, nemelex_spade_bored_becter,
          nicolae_overflow_hidden_temple, grunt_decor_cap, chequers_avenue
D:9:      layout_long_grid
D:10:     layout_cave_pools, serial_shops, nicolae_inconvenience_store,
          uniq_maurice
D:11:     layout_roguey, lair_entry_dummy, erik_orc_1,
          portal_ice_cave_entry_imps, uniq_josephine, uniq_erolcha
Lair:1:   layout_gridlike, gammafunk_ghost_hydra_chop, lemuel_fruit_tree
Lair:2:   layout_chaotic_city, elwin_shoals_entry_rocks, grunt_megastairs_4,
          lemuel_fruit_fields, infiniplex_staircase_pool_2
Lair:4:   layout_hall_layers, infiniplex_staircase_pool
Lair:5:   layout_cellular_growth
Lair:6:   minmay_lair_end_frog_pond, layout_gridlike, slime_altar_1,
          gammafunk_ghost_hive, guppyfry_lair_drakes

Skill      XL: |  1  2  3  4  5  6  7  8  9 10 11 12 13 |
---------------+----------------------------------------+-----
Axes           | 3 4 5 6 8 9 10 11 12 | 12.1
Dodging        | 3 4 5 6 8 |  8.3
Fighting       | 3 4 5 7 8 10 11 12 | 12.9
Armour         | 4 6 7 9 |  9.2
Invocations    | 6 |  6.7
Shields        | 6 7 |  7.8
Throwing       | |  1.7

Action                   |  1- 3 |  4- 6 |  7- 9 | 10-12 | 13-15 || total
-------------------------+-------+-------+-------+-------+-------++-------
Melee: War axe           |    72 |    68 |   211 |   764 |   231 ||  1346
       Kick              |     6 |     2 |    35 |   295 |   104 ||   442
       Morningstar       |       |       |       |     9 |    17 ||    26
Invok: Upheaval          |       |     1 |       |     4 |     3 ||     8
Evoke: Wand              |       |       |       |    15 |       ||    15
  Use: Scroll            |     3 |     1 |     1 |     9 |     6 ||    20
       Potion            |     1 |       |     1 |     3 |    11 ||    16
Armor: Leather armour    |    20 |    22 |    47 |     5 |       ||    94
       Scale mail        |       |       |       |   224 |    93 ||   317
       Ring mail         |       |       |       |     9 |       ||     9
Dodge: Dodged            |    48 |    41 |   126 |   366 |   127 ||   708
       Repelled          |       |       |       |     8 |     1 ||     9
Block: Other             |     5 |     7 |    31 |   114 |       ||   157
       Buckler           |       |       |       |   181 |   209 ||   390
